Map: Katalizator ER

Players

Fanatig

  • Race: Protoss Protoss
  • League: Master
  • Spawn Location: 11:00

TVVphenX - Winner!

  • Race: Protoss Protoss
  • League: Master
  • Spawn Location: 5:00

VOD

Have the link to the VOD?

Description

Time

  • Played on: May 29, 2018, 9:24 a.m.
  • Length: 9:08
Show
View Real Time Build Order
Export as new Build Order

Fanatig Protoss 

Build Orders:  

Get SALT Encoding   

  12  0:01  Probe  
  13  0:13  Probe  
  14  0:17  Pylon  
  14  0:22  Probe  
  15  0:31  Probe  
  16  0:39  Gateway  
  16  0:40  Probe  
  16  0:48  Assimilator  
  17  0:53  Probe  
  18  1:03  Assimilator  
  18  1:07  Probe  
  19  1:21  Gateway  
  19  1:28  Probe  
  19  1:29  Cybernetics Core  
  20  1:36  Pylon  
  20  1:40  Probe  
  21  1:52  Probe  
  22  1:58  Stalker  
  22  1:59  Stalker  
  22  2:04  Probe  
  27  2:16  Probe  
  28  2:28  Stalker, Probe  
  31  2:35  Pylon  
  31  2:44  Nexus  
  31  2:53  Zealot  
  33  2:58  Stalker  
  34  3:13  Stalker  
  34  3:16  Pylon  
  36  3:28  Stalker  
  36  3:29  Pylon  
  38  3:46  Stalker  
  42  4:06  Probe  
  43  4:18  Probe  
  42  4:39  Probe  
  41  4:52  Probe  
  40  5:58  Pylon  
  38  6:28  Nexus  
  26  6:59  Pylon  
  20  7:34  Nexus  
  18  7:55  Pylon  
  17  8:49  Pylon  
Show
View Real Time Build Order
Export as new Build Order

TVVphenX Protoss - Winner!

Build Orders: Dark Templar Rush 

Get SALT Encoding   

  12  0:02  Probe  
  13  0:14  Probe  
  13  0:18  Pylon  
  14  0:26  Probe  
  15  0:36  Gateway  
  15  0:40  Probe  
  16  0:48  Probe  
  16  0:49  Assimilator  
  16  0:56  Probe  
  18  1:07  Assimilator, Probe  
  19  1:17  Gateway  
  19  1:25  Cybernetics Core  
  19  1:29  Probe  
  20  1:41  Probe  
  20  1:42  Pylon  
  21  1:50  Warp Gate  
  21  1:53  Probe  
  22  2:03  Twilight Council  
  22  2:06  Adept  
  22  2:08  Adept  
  24  2:20  Probe  
  27  2:29  Pylon  
  27  2:40  Dark Shrine  
  27  2:46  Probe  
  28  2:54  Gateway  
  28  3:12  Stalker x2  
  32  3:42  Shield Battery  
  32  3:54  Dark Templar x2  
  36  3:59  Dark Templar  
  38  4:12  Nexus  
  21  5:13  Nexus  
Tags
 
Add a new tag
Caveats
  • Supply blocks, unpowered buildings, or Contaminate may cause inaccurate times.
  • Supply counts are checked every 10 seconds.